 Dungeon Crawl Stone Soup version 0.16.1-51-g6203257 (webtiles) character file.

793 hannobal the Cudgeler (level 8, -3/56 HPs)
             Began as a Human Warper on July 19, 2015.
             Was an Initiate of the Shining One.
             Slain by an ogre
             ... wielding a +0 giant club
              (16 damage)
             ... on level 5 of the Dungeon on July 20, 2015.
             The game lasted 00:27:30 (5875 turns).

hannobal the Cudgeler (Human Warper)                Turns: 5875, Time: 00:27:31

Health: -3/56      AC:  7    Str: 14    XL:     8   Next: 12%
Magic:  13/13      EV: 11    Int: 13    God:    the Shining One [......]
Gold:   210        SH:  0    Dex: 11    Spells: 4 memorised, 3 levels left

rFire  . . .     SeeInvis .     a - +0 great mace
rCold  . . .     Clarity  .     H - +0 ring mail
rNeg   . . .     SustAb   .     (no shield)
rPois  .         Gourm    .     (no helmet)
rElec  .         Spirit   .     B - +0 cloak
rCorr  .         Warding  .     q - +0 pair of gloves
rMut   .         Stasis   .     (no boots)
MR     .....                    R - amulet of regeneration
Stlth  +.........               (no ring)
                                E - ring of teleport control

@: not resistant to hostile enchantments, very unstealthy
A: blink 1, clumsy 1, slow healing 1
a: Blink, Renounce Religion, Evoke Teleport Control


You were on level 5 of the Dungeon.
You worshipped the Shining One.
The Shining One was noncommittal.
You were not hungry.

You visited 1 branch of the dungeon, and saw 5 of its levels.

You collected 210 gold pieces.

Inventory:

Hand weapons
 a - a +0 great mace (weapon)
 b - a +2 hunting sling of freezing
 g - a +0 blowgun
 t - a +2 hunting sling of flaming
 x - a +0 flail
 K - a +0 whip of flaming
Missiles
 e - 6 javelins (quivered)
 j - 112 stones
 l - 5 tomahawks of dispersal
 n - 17 arrows of dispersal
 p - 49 arrows
 u - 39 sling bullets
 y - 22 bolts
Armour
 m - a +0 leather armour
 q - a +0 pair of gloves (worn)
 B - a +0 cloak (worn)
 H - a +0 ring mail (worn)
 M - a +0 chain mail
Jewellery
 v - an uncursed amulet of guardian spirit
 E - a ring of teleport control (left hand)
 R - an amulet of regeneration (around neck)
 W - an uncursed amulet of warding
Magical devices
 r - a wand of digging (11)
 L - a wand of digging (13)
Scrolls
 d - a scroll of blinking
 i - 4 scrolls of identify
 k - a scroll of recharging
 s - a scroll of noise
 w - a scroll of fog
 D - a scroll of fear
 F - a scroll of remove curse
Potions
 z - a potion of might
Books
 c - a book of Spatial Translocations

   Spells                             Type                      Level
   a - Apportation                    Translocation                1
   b - Blink                          Translocation                2
   c - Shroud of Golubria             Charms/Translocation         2
   d - Portal Projectile              Translocation                3
   e - Teleport Other                 Translocation                3
   f - Passage of Golubria            Translocation                4
Comestibles
 f - 4 bread rations
 h - 2 meat rations
 o - 5 chunks of flesh
 C - a fruit


   Skills:
 - Level 2.0 Fighting
 + Level 7.5 Maces & Flails
 - Level 1.0(1.2) Slings
 - Level 1.0(1.2) Throwing
 - Level 1.0 Armour
 - Level 2.0 Dodging
 - Level 2.0 Spellcasting
 - Level 1.0 Charms
 - Level 4.4 Translocations
 - Level 2.0 Evocations


You had 3 spell levels left.
You knew the following spells:

 Your Spells              Type           Power        Failure   Level  Hunger
a - Apportation           Tloc           ##........   12%         1    ##.....
b - Blink                 Tloc           N/A          17%         2    ###....
c - Teleport Other        Tloc           ##......     30%         3    ####...
s - Shroud of Golubria    Chrm/Tloc      #.........   28%         2    ###....


Dungeon Overview and Level Annotations

Branches:
Dungeon (5/15)
 Temple: D:4-7

Altars:
Makhleb
Okawaru
Yredelemnul
The Shining One

Annotations:
D:3 Thomus' ghost, weakling HOFi
D:5 EmilioHeskey's ghost, average DrBe


Innate Abilities, Weirdness & Mutations

You can translocate small distances at will.
You are clumsy. (Dex -2)
You heal slowly when monsters are visible.


Message History

You are too injured to fight recklessly!
You are too injured to fight recklessly!
You are too injured to fight recklessly!
You are too injured to fight recklessly!
You are too injured to fight recklessly!
You are too injured to fight recklessly!
You closely miss the ogre.
The ogre is heavily wounded.
The ogre closely misses you.
You hit the ogre.
The ogre is heavily wounded.
The ogre misses you.
You hit the ogre but do no damage.
The ogre is heavily wounded.
The ogre hits you with a giant club!!
* * * LOW HITPOINT WARNING * * *
You sock the ogre!
The ogre is severely wounded.
The ogre hits you with a giant club!
You die...

.##.###### ###.#.
... ....# #.#.....
.....#.# #.#.#.#.
#####.#.#.# #.#.#.#.
r.WSg....#.#
#.#.#.##
###############.#.#
#.#.#.##
#..........##.....#
#.#.#.#.
#.########.##.#.O.#
#.#.#.#.
..........O.#@#.#
#.#.#.#.
'###.........#.#.#
#.#'#...
...'.........#.#.#
#.......
..<#.........#...#
#.......
.#........######.#
##......
...........'......#
#.....<
+######.....########
##'#...
..........### #.#...
#########.# #.#.#.


You could see an ogre.

Vanquished Creatures
  An ice beast (D:5)
  2 ogres
  A hound (D:4)
  A crimson imp (D:3)
  3 orc priests
  A giant frog skeleton (D:4)
  2 orc wizards (D:4)
  An iguana (D:4)
  2 worker ants
  Ijyb (D:3)
  A hound skeleton (D:4)
  6 adders
  A shadow imp (D:3)
  A giant mite (D:3)
  6 giant geckos
  2 oozes (D:1)
  19 orcs
  A ball python (D:4)
  A bat zombie (D:5)
  5 giant cockroaches
  8 goblins
  8 hobgoblins
  16 kobolds
  2 quokkas
  14 bats
  2 giant newts
  11 rats
119 creatures vanquished.

Notes
Turn   | Place    | Note
--------------------------------------------------------------
     0 | D:1      | hannobal, the Human Warper, began the quest for the Orb.
     0 | D:1      | Reached XP level 1. HP: 16/16 MP: 3/3
   104 | D:1      | Reached XP level 2. HP: 12/22 MP: 4/4
   244 | D:1      | Learned a level 2 spell: Blink
   247 | D:1      | Learned a level 2 spell: Shroud of Golubria
   428 | D:1      | Reached skill level 1 in Charms
   679 | D:1      | Reached XP level 3. HP: 27/27 MP: 6/6
   767 | D:1      | Reached skill level 1 in Slings
  1216 | D:2      | Reached XP level 4. HP: 20/33 MP: 7/7
  1454 | D:2      | Gained mutation: You are clumsy. (Dex -2) [potion of mutation]
  1454 | D:2      | Gained mutation: You can translocate small distances at will. [potion of mutation]
  1454 | D:2      | Gained mutation: You heal slowly when monsters are visible. [potion of mutation]
  1979 | D:3      | Noticed Thomus' ghost (weakling HOFi)
  2143 | D:3      | Reached skill level 4 in Maces & Flails
  2230 | D:3      | Found a burning altar of Makhleb.
  2259 | D:3      | Reached XP level 5. HP: 38/38 MP: 9/9
  2544 | D:2      | Reached skill level 5 in Maces & Flails
  2820 | D:3      | Noticed Ijyb
  2836 | D:3      | Killed Ijyb
  2850 | D:3      | Reached XP level 6. HP: 27/44 MP: 10/10
  3184 | D:4      | Reached skill level 1 in Evocations
  3373 | D:3      | Learned a level 3 spell: Teleport Other
  4253 | D:4      | Reached XP level 7. HP: 18/50 MP: 12/12
  4666 | D:4      | Found an iron altar of Okawaru.
  5117 | D:4      | Reached skill level 6 in Maces & Flails
  5151 | D:5      | Entered Level 5 of the Dungeon
  5321 | D:5      | Noticed EmilioHeskey's ghost (average DrBe)
  5375 | D:5      | Found a glowing golden altar of the Shining One.
  5472 | D:5      | Noticed an angel
  5496 | D:5      | Found a basalt altar of Yredelemnul.
  5505 | D:5      | Became a worshipper of the Shining One
  5518 | D:5      | Noticed a profane servitor
  5738 | D:5      | Reached skill level 7 in Maces & Flails
  5738 | D:5      | Reached XP level 8. HP: 42/56 MP: 13/13
  5875 | D:5      | Slain by an ogre

Action                   |  1- 3 |  4- 6 |  7- 9 || total
-------------------------+-------+-------+-------++-------
Melee: Mace              |    42 |   105 |       ||   147
       Flail             |       |    75 |    94 ||   169
       Great mace        |       |       |    35 ||    35
 Fire: Hunting sling     |    38 |    79 |    25 ||   142
       Blowgun           |       |     8 |     2 ||    10
Throw: Javelin           |       |       |     4 ||     4
 Cast: Teleport Other    |       |     2 |       ||     2
Evoke: Wand              |       |     2 |     1 ||     3
  Use: Scroll            |     5 |     6 |       ||    11
       Potion            |     2 |     5 |     1 ||     8
  Eat: Chunk             |     1 |     9 |     3 ||    13
       Bread ration      |       |     1 |       ||     1
       Fruit             |       |     1 |       ||     1
       Beef jerky        |       |       |     1 ||     1
